 Dungeon Crawl Stone Soup version 0.28-a0-445-g51f8dfeb47 (webtiles) character file.

Game seed: 8285818286806350938

751 GordonOverkill the Jinx (level 7, -1/36 HPs)
             Began as a Felid Necromancer on Sept 12, 2021.
             Was a Follower of Sif Muna.
             Slain by an eight-headed hydra (14 damage)
             ... on level 8 of the Dungeon.
             The game lasted 00:34:06 (18017 turns).

GordonOverkill the Jinx (Felid Necromancer)        Turns: 18017, Time: 00:34:07

Health: -1/36      AC:  2    Str:  4    XL:     7   Next: 49%
Magic:  17/17      EV: 19    Int: 20    God:    Sif Muna [*.....]
Gold:   367        SH:  0    Dex: 28    Spells: 3/18 levels left
                                        Lives:  0   Deaths: 2

rFire   . . .      SeeInvis +   (weapon unavailable)
rCold   . . .      Faith    .   (shield unavailable)
rNeg    . . .      Spirit   .   (armour unavailable)
rPois   .          Reflect  .   (helmet unavailable)
rElec   .          Harm     .   (cloak unavailable)
rCorr   .          Rampage  .   (gloves unavailable)
Will    +....                   (boots unavailable)
Stlth   +++.......              (no amulet)
HPRegen 0.12/turn               j - +6 ring of dexterity
MPRegen 0.15/turn               e - +6 ring of dexterity

@: studying Hexes, quick
A: very small, claws 1, fangs 3, see invisible, speed 1, shaggy fur 2, stealthy
paws, no weapons or thrown items, no armour, multi-lived, horns 1, robust 1
a: Renounce Religion, Channel Magic


You were on level 8 of the Dungeon.
You worshipped Sif Muna.
Sif Muna was aware of your devotion.
You visited 2 branches of the dungeon, and saw 9 of its levels.

You collected 367 gold pieces.

Inventory:

Jewellery
 a - a ring of ice
 e - a +6 ring of dexterity (right paw)
 j - a +6 ring of dexterity (left paw)
Scrolls
 b - 2 scrolls of teleportation
 c - a scroll of summoning {unknown}
 d - a scroll of identify


   Skills:
 - Level 5.0 Fighting
 - Level 3.0 Dodging
 - Level 3.0 Stealth
 - Level 6.0 Spellcasting
 + Level 10.3 Hexes
 - Level 4.0 Necromancy
 - Level 4.0 Ice Magic
 - Level 5.0 Earth Magic
 - Level 5.0 Invocations


You had 3 spell levels left.
You knew the following spells:

 Your Spells              Type           Power      Damage    Failure   Level
a - Pain                  Necr           88%        1d8       1%          1
b - Vampiric Draining     Necr           11%        2d7       6%          3
c - Leda's Liquefaction   Hex/Erth       18%        N/A       4%          4
d - Slow                  Hex            47%        N/A       1%          2
e - Tukima's Dance        Hex            47%        N/A       1%          3
f - Ensorcelled Hibernat  Hex/Ice        68%        N/A       1%          2

Your spell library contained the following spells:

 Spells                   Type           Power      Damage    Failure   Level
 Animate Skeleton         Necr           44%        N/A       1%          1
 Confusing Touch          Hex            47%        N/A       1%          3
 Summon Guardian Golem    Hex/Summ       26%        N/A       3%          3
 Summon Small Mammal      Summ           24%        N/A       11%         1
 Call Canine Familiar     Summ           6%         N/A       30%         3
 Spider Form              Tmut/Pois      3%         N/A       30%         3
 Animate Dead             Necr           11%        N/A       21%         4
 Yara's Violent Unravell  Hex/Tmut       13%        3d7       34%         5
 Agony                    Necr           22%        N/A       50%         5
 Passage of Golubria      Tloc           N/A        N/A       71%         4
 Portal Projectile        Hex/Tloc       Unusable   N/A       N/A         3

Dungeon Overview and Level Annotations

Branches:
Dungeon (8/15)             Temple (1/1) D:4
   Lair: D:8-11

Altars:
Ashenzari
Cheibriados
Dithmenos
Elyvilon
Fedhas
Gozag
Hepliaklqana
Kikubaaqudgha
Makhleb
Qazlal
Ru
Sif Muna
Trog
Uskayaw
Vehumet
Wu Jian
Xom
Yredelemnul
Zin
The Shining One

Shops:
D:5 (

Annotations:
D:3 Ijyb
D:5 Dowan
D:7 exclusion: 2 doors


Innate Abilities, Weirdness & Mutations

You have sharp claws.
You have razor-sharp teeth.
You have supernaturally acute eyesight. (SInv)
You cover ground quickly. (Speed+)
You are covered in thick fur. (AC +2)
Your paws help you pounce on unaware monsters.
You are incapable of wielding weapons or throwing items.
You cannot wear armour.
You gain extra lives every three experience levels.
You have a pair of small horns on your head.
You are robust. (+10% HP)


Message History

The wyvern zombie is moderately damaged.
The wyvern zombie misses you.
You scratch the wyvern zombie.
You bite the wyvern zombie, but do no damage.
The wyvern zombie is moderately damaged.
The wyvern zombie misses you.
You completely miss the wyvern zombie.
The wyvern zombie is moderately damaged.
The wyvern zombie bites you!
* * * LOW HITPOINT WARNING * * *
You scratch the wyvern zombie but do no damage.
You headbutt the wyvern zombie.
The wyvern zombie is heavily damaged.
The wyvern zombie barely misses you.
You scratch the wyvern zombie.
You headbutt the wyvern zombie, but do no damage.
The wyvern zombie is heavily damaged.
You barely miss the wyvern zombie. You bite the wyvern zombie.
The wyvern zombie is heavily damaged.
The wyvern zombie completely misses you.
You scratch the wyvern zombie but do no damage.
Your bite misses the wyvern zombie.
The wyvern zombie is heavily damaged.
The wyvern zombie bites you.
You die...
You are now level 7!
You rejoin the land of the living...
An eight-headed hydra is nearby!
An eight-headed hydra is nearby!
An eight-headed hydra is nearby!
An eight-headed hydra is nearby!
The eight-headed hydra barely misses you.
The eight-headed hydra closely misses you.
The eight-headed hydra bites you! x2
* * * LOW HITPOINT WARNING * * *
The eight-headed hydra bites you.
* * * LOW HITPOINT WARNING * * *
The eight-headed hydra completely misses you.
The eight-headed hydra bites you!
You die...

#.......# #.F## #.#†#### #.##DD.#
##. #..#Fy...... #..
#######..#..#B.... #..
.........##.. #### ##..#
########.D#..# #....
#......#@.#..# #..#.
#......#..#..# #..#.
#........##..# #... #........#
#..# #####........# #..#
#...........## #### ##.#
#####...........# ####...#### #.#
................###.........###..
#####.................###........


You could see an eight-headed hydra.

Vanquished Creatures
  2 water moccasins
  Duvessa (D:6)
  2 orc warriors
  3 necrophages
  4 ogres
  2 black bears
  A centaur (D:7)
  A kobold brigand (D:8)
  2 bullfrogs
  A gnoll sergeant (D:5)
  A wyvern skeleton (D:7)
  A water moccasin skeleton (D:4)
  4 wights
  A howler monkey (D:4)
  A bullfrog zombie (D:7)
  2 hounds
  A centaur zombie (D:6)
  3 jellies
  3 gnoll shamans
  3 orc priests (D:7)
  4 iguanas
  Terence (D:2)
  3 orc wizards
  A hound skeleton (D:5)
  A howler monkey zombie (D:7)
  18 gnolls
  A howler monkey skeleton (D:7)
  4 adders
  A white imp (D:7)
  2 ufetubi
  2 worms
  A dart slug (D:3)
  16 orcs
  7 ball pythons
  8 endoplasms
  3 giant cockroaches
  8 goblins
  10 hobgoblins
  3 jackals (D:1)
  4 kobolds
  7 quokkas
  4 bats
  8 frilled lizards
  3 rats
159 creatures vanquished.

Vanquished Creatures (others)
  A howler monkey skeleton (D:6)
1 creature vanquished.

Grand Total: 160 creatures vanquished

Notes
Turn   | Place    | Note
-------+----------+-------------------------------------------
     0 | D:1      | GordonOverkill the Felid Necromancer began the quest for
                  | the Orb.
     0 | D:1      | Reached XP level 1. HP: 7/7 MP: 4/4
   672 | D:1      | Reached skill level 1 in Fighting
   746 | D:1      | Reached XP level 2. HP: 9/12 MP: 3/6
  1443 | D:1      | Found a faded altar of an unknown god.
  2162 | D:2      | Reached XP level 3. HP: 9/16 MP: 0/8
  2303 | D:1      | Learned a level 3 spell: Vampiric Draining
  3195 | D:2      | Noticed Terence
  3248 | D:2      | Killed Terence
  3249 | D:2      | Reached XP level 4. HP: 12/20 MP: 3/9
  4025 | D:3      | Identified a scroll of acquirement
  4026 | D:3      | Acquired a manual of Hexes
  4037 | D:3      | Learned a level 4 spell: Leda's Liquefaction
  4249 | D:3      | Noticed Ijyb
  4435 | D:2      | Reached skill level 1 in Hexes
  4435 | D:2      | Reached XP level 5. HP: 16/24 MP: 3/11
  5277 | D:3      | Reached skill level 2 in Hexes
  5467 | D:4      | Reached skill level 1 in Earth Magic
  5567 | D:4      | Learned a level 2 spell: Slow
  5706 | D:4      | Reached skill level 3 in Hexes
  5807 | D:4      | Gained mutation: You are covered in thick fur. (AC +2)
                  | [Felid growth]
  5807 | D:4      | Reached XP level 6. HP: 24/28 MP: 5/12
  5856 | D:4      | Found a staircase to the Ecumenical Temple.
  5901 | Temple   | Entered the Ecumenical Temple
  5998 | Temple   | Became a worshipper of Sif Muna the Loreminder
  6859 | D:4      | Reached skill level 4 in Hexes
  6859 | D:4      | Reached skill level 1 in Invocations
  7690 | D:4      | Reached skill level 5 in Hexes
  7690 | D:4      | Reached XP level 7. HP: 22/31 MP: 6/14
  8139 | D:5      | Entered Level 5 of the Dungeon
  8171 | D:5      | Learned a level 3 spell: Tukima's Dance
  8236 | D:5      | Found a radiant altar of Vehumet.
  8236 | D:5      | Found a shadowy altar of Dithmenos.
  8367 | D:5      | Gained mutation: You are robust. (+10% HP) [potion of
                  | mutation]
  8367 | D:5      | Gained mutation: You have a pair of small horns on your
                  | head. [potion of mutation]
  9051 | D:5      | Found Inay's Weapon Shoppe.
  9408 | D:6      | Noticed Duvessa
  9408 | D:6      | Noticed Dowan
  9732 | D:5      | Reached skill level 5 in Spellcasting
  9732 | D:5      | Reached XP level 8. HP: 26/39 MP: 6/16
 10275 | D:6      | Killed Duvessa
 10276 | D:6      | Reached skill level 5 in Fighting
 10407 | D:5      | Reached skill level 6 in Hexes
 11605 | D:6      | Reached skill level 7 in Hexes
 11756 | D:6      | Found a white marble altar of Elyvilon.
 12449 | D:6      | Learned a level 2 spell: Ensorcelled Hibernation
 13102 | D:6      | Reached skill level 5 in Invocations
 13388 | D:6      | Reached skill level 5 in Earth Magic
 13719 | D:6      | Reached skill level 1 in Ice Magic
 13828 | D:6      | Reached skill level 8 in Hexes
 14220 | D:7      | Reached XP level 9. HP: 43/44 MP: 6/17
 14622 | D:7      | Found a basalt altar of Yredelemnul.
 14624 | D:7      | Found a bloodstained altar of Trog.
 14862 | D:7      | Reached * piety under Sif Muna
 16503 | D:7      | Found a hide-covered altar of Uskayaw.
 17604 | D:7      | Reached skill level 9 in Hexes
 17949 | D:8      | Noticed a five-headed hydra
 17956 | D:8      | Noticed a boulder beetle
 17964 | D:8      | Noticed an eight-headed hydra
 17970 | D:8      | HP: 2/44 [five-headed hydra (11)]
 17971 | D:8      | Reached skill level 10 in Hexes
 17971 | D:8      | Slain by a five-headed hydra
 17972 | D:8      | Reached XP level 8. HP: 0/40 MP: 0/18
 18009 | D:8      | HP: 1/40 [wyvern zombie (8)]
 18013 | D:8      | Slain by a wyvern zombie
 18014 | D:8      | Reached XP level 7. HP: -3/36 MP: 17/17
 18017 | D:8      | Slain by an eight-headed hydra

Illustrated notes

Levels and vault maps discovered:
D:1:      wander_arrival_desolate, layout_loops_ring,
          ebering_ecumenical_altar_rust, minmay_misc_feat_secret_circle,
          st_stairs_1
D:2:      layout_loops_ring, minmay_tromino_v4_b, uniq_terence
D:3:      layout_loops_ring, uniq_ijyb
D:4:      layout_basic, minmay_temple_entry_ruins
D:5:      layout_rooms, gammafunk_temple_overflow_wave,
          nicolae_ossuary_entry_plus, serial_shops, shop
D:6:      layout_cave_pools, elyvilon_altar_4, uniq_duvessa
D:7:      layout_cave_pools, grunt_temple_overflow_open, minmay_joined_circles
D:8:      layout_basic, lemuel_tele_altar, david_lair_generic,
          minmay_pinched_square
Temple:   nicolae_temple_great_sept

Skill      XL: |  1  2  3  4  5  6  7  8  9 |
---------------+----------------------------+-----
Fighting       | 1 2 3 4 5 |  5.0
Spellcasting   | 3 4 5 6 |  6.0
Hexes          | 1 3 5 8 10 | 10.3
Stealth        | 3 |  3.0
Dodging        | 3 |  3.0
Earth Magic    | 1 2 3 5 |  5.0
Invocations    | 1 3 5 |  5.0
Ice Magic      | 1 4 |  4.0
Necromancy     | |  4.0

Action                   |  1- 3 |  4- 6 |  7- 9 || total
-------------------------+-------+-------+-------++-------
Melee: Unarmed           |    10 |    21 |   285 ||   316
       Bite              |     2 |     2 |    32 ||    36
       Headbutt          |       |       |    53 ||    53
 Cast: Pain              |    81 |   134 |   200 ||   415
       Vampiric Draining |       |     7 |    76 ||    83
       Slow              |       |    31 |   110 ||   141
Evoke: Wand              |       |       |     8 ||     8
  Use: Scroll            |       |     3 |     9 ||    12
       Potion            |       |       |    10 ||    10
 Stab: Sleeping          |       |     1 |     2 ||     3
Armor: Skin              |     4 |     1 |    25 ||    30
Dodge: Dodged            |    34 |    29 |   336 ||   399

Table legend: (Time is in decaauts)
 A = Elapsed time spent in this place.
 B = Non-inter-level travel time spent in this place.
 C = Inter-level travel time spent in this place.
 D = Time resting spent in this place.
 E = Time spent auto-exploring this place.
 F = Levels seen in this place.
 G = Mean time per level.
                   A        B        C        D        E       F      G
               +--------+--------+--------+--------+--------+-----+--------+
         Total |  16959 |  16498 |    461 |  11023 |   2538 |   9 | 1884.3 |
       Dungeon |  16870 |  16418 |    452 |  11023 |   2488 |   8 | 2108.8 |
        Temple |     88 |     80 |      8 |      0 |     50 |   1 |   88.0 |
               +--------+--------+--------+--------+--------+-----+--------+

Top non-repeatable levels by time:
     D:4: 3226 daAuts
     D:5: 3013 daAuts
     D:6: 2700 daAuts
     D:7: 2323 daAuts
     D:1: 2189 daAuts
     D:2: 1833 daAuts
     D:3: 1372 daAuts
     D:8: 211 daAuts
  Temple: 88 daAuts
